 Dungeon Crawl Stone Soup version 0.20-a0-923-g548304e (webtiles) character file.

1580 FastMan the Cleaver (level 9, 0/64 HPs)
             Began as a Formicid Fighter on Mar 26, 2017.
             Was a Priest of Okawaru.
             Slain by an orc warrior
             ... wielding a +0 battleaxe
              (17 damage)
             ... on level 7 of the Dungeon.
             The game lasted 00:04:49 (4900 turns).

FastMan the Cleaver (Formicid Fighter)              Turns: 4900, Time: 00:04:49

Health: 0/64       AC: 12    Str: 21    XL:     9   Next: 14%
Magic:  12/12      EV: 10    Int:  8    God:    Okawaru [***...]
Gold:   234        SH: 12    Dex: 18    Spells: 8/8 levels left

rFire    . . .     SeeInvis +   w - +2 war axe (venom)
rCold    + . .     Gourm    .   c - +0 shield
rNeg     . . .     Faith    .   o - +0 plate armour (curse)
rPois    .         Spirit   .   (helmet unavailable)
rElec    .         Reflect  .   e - scarf {repulsion}
rCorr    .         Harm     .   (no gloves)
MR       .....                  B - +0 pair of boots
Stlth    ..........             (no amulet)
Regen    0.2/turn               g - ring of protection from cold
MPRegen  0.2/turn               (no ring)

@: agile, repel missiles
A: permanent stasis, dig shafts and tunnels, four strong arms, antennae 3
a: Dig, Shaft Self, Heroism, Renounce Religion


You were on level 7 of the Dungeon.
You worshipped Okawaru.
Okawaru was most pleased with you.
You were very hungry.

You visited 1 branch of the dungeon, and saw 7 of its levels.

You collected 234 gold pieces.

Inventory:

Hand Weapons
 a - a +0 war axe
 w - a +2 war axe of venom (weapon)
Armour
 c - a +0 shield (worn)
 e - a scarf of repulsion (worn)
 o - a cursed +0 plate armour (worn)
 B - a +0 pair of boots (worn)
Jewellery
 g - a ring of protection from cold (left hand)
 q - an uncursed ring of fire
Scrolls
 d - a scroll of remove curse {@r2}
 h - 2 scrolls of identify {@r1}
 i - 2 scrolls of enchant armour
 j - 2 scrolls of fear {unknown}
 m - a scroll of immolation {unknown}
 p - a scroll of blinking {unknown}
 s - a scroll of magic mapping
 v - a scroll of fog {unknown}
 y - a scroll of recharging {unknown}
Potions
 b - a potion of brilliance {unknown}
 l - 3 potions of mutation
 n - a potion of agility {@q5}
 r - 2 potions of might {@q4}
 u - a potion of haste {@q3}
 A - 2 potions of cancellation
 C - a potion of flight {unknown}
 D - a potion of berserk rage {unknown}
Comestibles
 f - 5 bread rations {@e1}
 k - 3 royal jellies {@e3}
 t - 4 meat rations {@e2}


   Skills:
 - Level 3.2 Fighting
 * Level 8.3 Axes
 + Level 3.5 Armour
 + Level 7.8 Shields
 - Level 4.8 Invocations


You had 8 spell levels left.
You didn't know any spells.

Dungeon Overview and Level Annotations

Branches:
Dungeon (7/15)             Temple (0/1) D:6

Altars:
Fedhas
Nemelex Xobeh
Okawaru
Xom

Shops:
D:6 =


Innate Abilities, Weirdness & Mutations

You cannot be hasted, slowed, berserked, paralysed or teleported.
You can dig through walls and to a lower floor.
Your four strong arms can wield two-handed weapons with a shield.
You have a pair of large antennae on your head. (SInv)


Message History

You closely miss the orc warrior.
The orc warrior hits you with a battleaxe!
You hit the orc warrior.
The orc warrior is lightly wounded.
The orc warrior hits you with a battleaxe!
* * * LOW HITPOINT WARNING * * *
You are too injured to fight recklessly!
Unknown command.
You see here a +0 chain mail.
You are feeling very hungry.
Okay, then.
Okay, then.
You feel agile all of a sudden. You block the orc warrior's attack.
You feel better.
The orc warrior hits you with a battleaxe!
* * * LOW HITPOINT WARNING * * *
You feel better.
The orc warrior hits you with a battleaxe!
You die...

?......# .)....#
)))#.##
#.##.######
#(##...(..#
#(#######.# #'##
#.# ...##
##.######## ....##
#........@#
.....###..#.####o#
.............###.#
..............##.#
......##.....###.#
......##.....[...#
....#.#####..#####
...##.##........#
#+## ........##.#


You could see an orc warrior.

Vanquished Creatures
  Grinder (D:6)
  2 orc warriors
  A sky beast (D:7)
  An ogre (D:7)
  3 centaurs
  2 big kobolds (D:7)
  A howler monkey (D:6)
  2 hounds
  A jelly (D:7)
  A bullfrog skeleton (D:7)
  4 orc priests
  An orc wizard (D:3)
  Terence (D:2)
  5 worker ants
  A worker ant zombie (D:5)
  A howler monkey skeleton (D:4)
  6 adders
  2 oozes
  An adder zombie (D:7)
  3 adder skeletons
  A worm (D:2)
  4 leopard geckos
  13 orcs
  3 bats
  6 giant cockroaches
  2 hobgoblins
  13 jackals
  3 quokkas
  2 ball pythons
  3 frilled lizards
  A goblin (D:2)
  15 kobolds
  4 rats
110 creatures vanquished.

Notes
Turn   | Place    | Note
-------+----------+-------------------------------------------
     0 | D:1      | FastMan the Formicid Fighter began the quest for the Orb.
     0 | D:1      | Reached XP level 1. HP: 18/18 MP: 1/1
    40 | D:2      | Reached XP level 2. HP: 6/24 MP: 2/2
   826 | D:2      | Reached XP level 3. HP: 29/29 MP: 3/3
   865 | D:2      | Noticed Terence
   872 | D:2      | Killed Terence
   872 | D:2      | Reached skill level 3 in Axes
   872 | D:2      | Reached XP level 4. HP: 33/35 MP: 4/4
   990 | D:3      | Found an iron altar of Okawaru.
   991 | D:3      | Found a sparkling altar of Nemelex Xobeh.
   995 | D:3      | Became a worshipper of Warmaster Okawaru
  1544 | D:3      | Reached XP level 5. HP: 41/41 MP: 5/5
  1651 | D:3      | Reached skill level 4 in Axes
  1651 | D:3      | Reached skill level 5 in Shields
  2289 | D:4      | Reached XP level 6. HP: 35/47 MP: 6/6
  2326 | D:4      | Reached * piety under Okawaru
  2326 | D:4      | Reached skill level 5 in Axes
  2666 | D:5      | Entered Level 5 of the Dungeon
  2700 | D:5      | Reached skill level 1 in Invocations
  2707 | D:5      | Reached XP level 7. HP: 10/52 MP: 4/8
  3063 | D:5      | Found a blossoming altar of Fedhas.
  3134 | D:6      | Found Xianivume's Jewellery Shoppe.
  3357 | D:6      | Noticed Grinder
  3365 | D:6      | Killed Grinder
  3365 | D:6      | Reached skill level 6 in Axes
  3390 | D:6      | Found a staircase to the Ecumenical Temple.
  3416 | D:6      | Reached XP level 8. HP: 51/58 MP: 10/10
  3558 | D:6      | Reached ** piety under Okawaru
  3709 | D:6      | Reached skill level 7 in Axes
  4302 | D:7      | Found a shimmering altar of Xom.
  4303 | D:7      | Found a shimmering altar of Xom.
  4307 | D:7      | Found a shimmering altar of Xom.
  4406 | D:7      | Reached XP level 9. HP: 63/64 MP: 12/12
  4498 | D:7      | Reached skill level 8 in Axes
  4520 | D:7      | Reached *** piety under Okawaru
  4900 | D:7      | Slain by an orc warrior

Vault maps used:
D:1:      dpeg_arrival_tiny_i
D:2:      first_bread, minmay_misc_feat_tiny, uniq_terence, uniq_natasha
D:3:      minmay_door_path, gammafunk_temple_overflow_statue
D:4:      serial_corexii_hall, corexii_hall_statues_deadend,
          corexii_hall_statues_i, lemuel_old_faithful
D:5:      fedhas_altar_1
D:6:      minmay_temple_entry_hall, portal_sewer_entry_b, serial_shops, shop,
          uniq_grinder
D:7:      serial_glass, glass_columns_c, glass_columns_a,
          minmay_strange_pillars, due_unseen_surprise, enter_bailey_3,
          grunt_ogre_cave, grunt_decor_mini_mirrors, xom_redecorated

Skill      XL: |  1  2  3  4  5  6  7  8  9 |
---------------+----------------------------+-----
Shields        | 4 5 6 7 |  7.8
Axes           | 3 4 5 6 7 8 |  8.3
Invocations    | 1 3 4 |  4.8
Fighting       | |  3.2
Armour         | |  3.5

Action                   |  1- 3 |  4- 6 |  7- 9 || total
-------------------------+-------+-------+-------++-------
Melee: War axe           |    42 |   125 |   167 ||   334
Invok: Heroism           |       |     1 |       ||     1
  Use: Potion            |     1 |       |     3 ||     4
       Scroll            |       |       |    10 ||    10
  Eat: Chunk             |       |     6 |     6 ||    12
Armor: Scale mail        |    32 |    47 |    23 ||   102
       Chain mail        |       |       |    32 ||    32
Dodge: Dodged            |     9 |    45 |    38 ||    92
       Deflected         |       |     1 |     1 ||     2
Block: Shield            |    24 |    76 |   105 ||   205
